BR (22 & UNDER)
HARTFORD DARTH WHALERS @ SANTA CLARITA MUSIC
09/10/2028
 
TOP OF THE 1ST
Hartford Darth Whalers batting - Pitching for Santa Clarita Music : RHP John Gill
Pitching: RHP John Gill
Batting: LHB Doyle Price 0-0: Called Strike
0-1: Ball
1-1: Foul Ball, location: 2F
1-2: Foul Ball, location: 2F
1-2: Ball
2-2: Foul Ball, location: 2F
2-2: Strikes out looking
Batting: RHB Luis Manuel Miranda 0-0: Ball
1-0: Ground out 6-3 (Groundball, 6)
Batting: RHB Lou Hammond 0-0: Called Strike
0-1: Ball
1-1: Ball
2-1: Called Strike
2-2: Strikes out swinging
Top of the 1st over - 0 run(s), 0 hit(s), 0 error(s), 0 left on base; Hartford 0 - Santa Clarita 0
BOTTOM OF THE 1ST
Santa Clarita Music batting - Pitching for Hartford Darth Whalers : RHP Carlos Bojórquez
Pitching: RHP Carlos Bojórquez
Batting: RHB Luis Suárez 0-0: Swinging Strike
0-1: Ball
1-1: Reached on error, E6 (Groundball, 6)
Batting: RHB Greg Grant 0-0: SINGLE (Line Drive, 4D)
Luis Suárez to third
Runner from 3rd tries for Home, SAFE, no throw
Batting: RHB Rickey Núñez 0-0: Called Strike
0-1: Foul Ball, location: 2F
0-2: Ball
1-2: Ball
2-2: Ball
3-2: Foul Ball, location: 2F
3-2: Base on Balls
Greg Grant to second
Batting: LHB Francisco Blanco 0-0: Ball
1-0: Ball
2-0: Called Strike
2-1: Called Strike
2-2: Ball
3-2: SINGLE (Line Drive, 8LS)
Greg Grant to third
Rickey Núñez to second
Batting: SHB Stan Gómez 0-0: Ball
1-0: Ball
2-0: Grounds into fielders choice 1-2 (Groundball, 13)
Rickey Núñez to third
Francisco Blanco to second
Batting: LHB Ben Donaldson 0-0: Called Strike
0-1: Ball
1-1: Fly out, F8 (Flyball, 8RM)
Runner from 3rd tags up, SCORES, no throw
Batting: SHB Pedro Rodríguez 0-0: Ball
1-0: Ball
2-0: Called Strike
2-1: Foul Ball, location: 2F
2-2: SINGLE (Groundball, 34D)
Francisco Blanco to third
Stan Gómez to second
Runner from 3rd tries for Home, SAFE, no throw
Batting: RHB Tony Collier 0-0: Ball
1-0: Called Strike
1-1: Ball
2-1: Ball
3-1: Swinging Strike
3-2: Strikes out looking
Bottom of the 1st over - 3 run(s), 3 hit(s), 1 error(s), 2 left on base; Hartford 0 - Santa Clarita 3
TOP OF THE 2ND
Hartford Darth Whalers batting - Pitching for Santa Clarita Music : RHP John Gill
Batting: RHB Ryan Williams 0-0: Called Strike
0-1: Ball
1-1: Fly out, F8 (Flyball, 8RS)
Batting: RHB Brad Ravenshaw 0-0: Ball
1-0: Called Strike
1-1: SINGLE (Groundball, 34D)
Batting: RHB Ryan Thrippleton 0-0: Foul Ball, location: 2F
0-1: Called Strike
0-2: Ball
1-2: SINGLE (Groundball, 34D)
Brad Ravenshaw to second
Runner from 2nd tries for 3rd, SAFE, no throw
Batting: LHB Ryan Billman 0-0: Ball
Ryan Thrippleton steals 2nd base
1-0: Swinging Strike
1-1: Foul Ball, location: 2F
1-2: Ball
2-2: Foul Ball, location: 2F
2-2: Fly out, F9 (Flyball, 9)
Runner from 3rd tags up, SCORES, no throw
Batting: RHB Chester Mullins 0-0: Called Strike
0-1: Ball
1-1: Ground out 6-3 (Groundball, 6)
Top of the 2nd over - 1 run(s), 2 hit(s), 0 error(s), 1 left on base; Hartford 1 - Santa Clarita 3
BOTTOM OF THE 2ND
Santa Clarita Music batting - Pitching for Hartford Darth Whalers : RHP Carlos Bojórquez
Batting: RHB Adam Gentry 0-0: Ground out U3 (Groundball, 34S)
Batting: RHB Luis Suárez 0-0: Called Strike
0-1: Ball
1-1: Called Strike
1-2: Foul Ball, location: 2F
1-2: Strikes out swinging
Batting: RHB Greg Grant 0-0: Ball
1-0: Called Strike
1-1: Foul Ball, location: 2F
1-2: Strikes out swinging
Bottom of the 2nd over - 0 run(s), 0 hit(s), 0 error(s), 0 left on base; Hartford 1 - Santa Clarita 3
TOP OF THE 3RD
Hartford Darth Whalers batting - Pitching for Santa Clarita Music : RHP John Gill
Batting: LHB Bill Poe 0-0: Ball
1-0: Foul Ball, location: 2F
1-1: Ball
2-1: Foul Ball, location: 2F
2-2: Foul Ball, location: 2F
2-2: Ball
3-2: Foul Ball, location: 2F
3-2: Strikes out swinging
Batting: LHB Doyle Price 0-0: Called Strike
0-1: Ball
1-1: Swinging Strike
1-2: Strikes out looking
Batting: RHB Luis Manuel Miranda 0-0: Called Strike
0-1: Ball
1-1: Ground out 5-3 (Groundball, 56)
Top of the 3rd over - 0 run(s), 0 hit(s), 0 error(s), 0 left on base; Hartford 1 - Santa Clarita 3
BOTTOM OF THE 3RD
Santa Clarita Music batting - Pitching for Hartford Darth Whalers : RHP Carlos Bojórquez
Batting: RHB Rickey Núñez 0-0: Ball
1-0: Ball
2-0: Called Strike
2-1: SINGLE (Line Drive, 4)
Batting: LHB Francisco Blanco 0-0: Called Strike
0-1: Fielders Choice at 2nd, 4-6 (Groundball, 4)
Batting: SHB Stan Gómez 0-0: Ball
Francisco Blanco steals 2nd base
1-0: SINGLE (Groundball, 34) (infield hit)
Francisco Blanco to third
Batting: LHB Ben Donaldson 0-0: Ball
1-0: Ball
2-0: Swinging Strike
2-1: Ball
3-1: DOUBLE (Groundball, 3L)
Francisco Blanco scores
Stan Gómez to third
Runner from 3rd tries for Home, SAFE, no throw
Batting: SHB Pedro Rodríguez 0-0: Fly out, F8 (Flyball, 8LM)
Batting: RHB Tony Collier 0-0: Ball
1-0: Called Strike
1-1: Ground out 6-3 (Groundball, 6)
Bottom of the 3rd over - 2 run(s), 3 hit(s), 0 error(s), 1 left on base; Hartford 1 - Santa Clarita 5
TOP OF THE 4TH
Hartford Darth Whalers batting - Pitching for Santa Clarita Music : RHP John Gill
Batting: RHB Lou Hammond 0-0: Called Strike
0-1: Called Strike
0-2: Ball
1-2: Foul Ball, location: 2F
1-2: Foul Ball, location: 2F
1-2: SINGLE (Line Drive, 8LS)
Batting: RHB Ryan Williams 0-0: Called Strike
Lou Hammond steals 2nd base
0-1: Called Strike
0-2: Fly out, F4 (Line Drive, 4M)
Batting: RHB Brad Ravenshaw 0-0: Called Strike
0-1: Swinging Strike
0-2: Foul Ball, location: 2F
0-2: Ball
1-2: Ball
2-2: DOUBLE (Flyball, 9LM)
Lou Hammond scores
Batting: RHB Ryan Thrippleton 0-0: Called Strike
0-1: Ground out 6-3 (Groundball, 6MS)
Brad Ravenshaw to third
Batting: LHB Ryan Billman 0-0: Ground out 3-1 (Groundball, 34S)
Top of the 4th over - 1 run(s), 2 hit(s), 0 error(s), 1 left on base; Hartford 2 - Santa Clarita 5
BOTTOM OF THE 4TH
Santa Clarita Music batting - Pitching for Hartford Darth Whalers : RHP Carlos Bojórquez
Batting: RHB Adam Gentry 0-0: Called Strike
0-1: Ball
1-1: Reached on error, E5 (Groundball, 56S)
Batting: RHB Luis Suárez 0-0: Ball
1-0: Ground out 4-3 (Groundball, 4)
Adam Gentry to third
Batting: RHB Greg Grant 0-0: Called Strike
0-1: Ball
1-1: SINGLE (Groundball, 6MD)
Adam Gentry scores
Batting: RHB Rickey Núñez 0-0: Foul Ball, location: 2F
Balk!
Greg Grant to second
0-1: Ball
Greg Grant steals 3rd base
1-1: Ball
2-1: Ball
3-1: Foul Ball, location: 2F
3-2: SINGLE (Groundball, 56S) (infield hit)
Greg Grant scores
Pitching: RHP James Jones
Batting: LHB Francisco Blanco 0-0: Ball
1-0: Ball
2-0: Called Strike
2-1: Swinging Strike
2-2: Ball
Rickey Núñez is caught stealing 2nd base
3-2: Ground out 4-3 (Groundball, 4)
Bottom of the 4th over - 2 run(s), 2 hit(s), 1 error(s), 0 left on base; Hartford 2 - Santa Clarita 7
TOP OF THE 5TH
Hartford Darth Whalers batting - Pitching for Santa Clarita Music : RHP John Gill
Batting: RHB Chester Mullins 0-0: Ball
1-0: Ball
2-0: Called Strike
2-1: SINGLE (Groundball, 6MD)
Batting: LHB Bill Poe 0-0: Called Strike
0-1: Ball
1-1: Called Strike
Chester Mullins is caught stealing 2nd base
1-2: Foul Ball, location: 2F
1-2: Ground out 3-1 (Groundball, 34S)
Batting: LHB Doyle Price 0-0: Ground out 4-3 (Groundball, 4MS)
Top of the 5th over - 0 run(s), 1 hit(s), 0 error(s), 0 left on base; Hartford 2 - Santa Clarita 7
BOTTOM OF THE 5TH
Santa Clarita Music batting - Pitching for Hartford Darth Whalers : RHP James Jones
Batting: SHB Stan Gómez 0-0: Ball
1-0: Fly out, F5 (Line Drive, 56)
Batting: LHB Ben Donaldson 0-0: Fly out, F9 (Flyball, 9LSF)
Batting: SHB Pedro Rodríguez 0-0: Ball
1-0: Foul Ball, location: 2F
1-1: Ball
2-1: Ball
3-1: Called Strike
3-2: Strikes out looking
Bottom of the 5th over - 0 run(s), 0 hit(s), 0 error(s), 0 left on base; Hartford 2 - Santa Clarita 7
TOP OF THE 6TH
Hartford Darth Whalers batting - Pitching for Santa Clarita Music : RHP John Gill
Batting: RHB Luis Manuel Miranda 0-0: Called Strike
0-1: Ball
1-1: Called Strike
1-2: Strikes out swinging
Pitching: RHP John Wright
Batting: RHB Lou Hammond 0-0: Called Strike
0-1: Ball
1-1: Foul Ball, location: 2F
1-2: Ball
2-2: Ball
3-2: Ground out 6-3 (Groundball, 6)
Batting: RHB Ryan Williams 0-0: Called Strike
0-1: Ground out 4-3 (Groundball, 34D)
Top of the 6th over - 0 run(s), 0 hit(s), 0 error(s), 0 left on base; Hartford 2 - Santa Clarita 7
BOTTOM OF THE 6TH
Santa Clarita Music batting - Pitching for Hartford Darth Whalers : RHP James Jones
Batting: RHB Tony Collier 0-0: Ground out 6-3 (Groundball, 6)
Batting: RHB Adam Gentry 0-0: Ball
1-0: Ball
2-0: Ball
3-0: Called Strike
3-1: Fly out, F9 (Flyball, 9)
Batting: RHB Luis Suárez 0-0: Ball
1-0: Ball
2-0: Called Strike
2-1: Foul Ball, location: 2F
2-2: Strikes out swinging
Bottom of the 6th over - 0 run(s), 0 hit(s), 0 error(s), 0 left on base; Hartford 2 - Santa Clarita 7
TOP OF THE 7TH
Hartford Darth Whalers batting - Pitching for Santa Clarita Music : RHP John Wright
Batting: RHB Brad Ravenshaw 0-0: Ball
1-0: Ball
2-0: Ball
3-0: Base on Balls
Batting: RHB Ryan Thrippleton 0-0: Ball
1-0: Foul Ball, location: 2F
1-1: Swinging Strike
1-2: Foul Ball, location: 2F
1-2: Ball
2-2: Strikes out swinging
Batting: LHB Ryan Billman 0-0: Called Strike
0-1: Ball
1-1: Foul Ball, location: 2F
1-2: Ball
2-2: Strikes out swinging
Batting: RHB Chester Mullins 0-0: Called Strike
0-1: Called Strike
0-2: Strikes out swinging
Top of the 7th over - 0 run(s), 0 hit(s), 0 error(s), 1 left on base; Hartford 2 - Santa Clarita 7
BOTTOM OF THE 7TH
Santa Clarita Music batting - Pitching for Hartford Darth Whalers : RHP James Jones
Batting: RHB Greg Grant 0-0: Ball
1-0: DOUBLE (Flyball, 89D)
Batting: RHB Rickey Núñez 0-0: Called Strike
0-1: SINGLE (Flyball, 89S)
Greg Grant to third
Batting: LHB Francisco Blanco 0-0: Foul Ball, location: 2F
0-1: Fly out, F8 (Line Drive, 8LS)
Runner from 3rd tags up, SCORES, no throw
Batting: SHB Stan Gómez 0-0: Ball
1-0: Called Strike
1-1: Foul Ball, location: 2F
1-2: Ball
Rickey Núñez is caught stealing 2nd base
2-2: Foul Ball, location: 2F
2-2: Foul Ball, location: 2F
2-2: SINGLE (Groundball, 4MD)
Batting: LHB Ben Donaldson 0-0: Ball
1-0: Swinging Strike
1-1: SINGLE (Groundball, 6) (infield hit)
Stan Gómez to second
Batting: SHB Pedro Rodríguez 0-0: Called Strike
0-1: Ball
1-1: Ball
2-1: Foul Ball, location: 2F
2-2: Ball
3-2: SINGLE (Line Drive, 89M)
Stan Gómez to third
Ben Donaldson to second
Stan Gómez scores
Ben Donaldson to third
Batting: RHB Tony Collier 0-0: Ball
1-0: Ball
2-0: Ball
3-0: Called Strike
3-1: SINGLE (Groundball, 56) (infield hit)
Ben Donaldson scores
Pedro Rodríguez to second
Batting: RHB Adam Gentry 0-0: Ball
1-0: Ground out 4-3 (Groundball, 34)
Bottom of the 7th over - 3 run(s), 6 hit(s), 0 error(s), 2 left on base; Hartford 2 - Santa Clarita 10
TOP OF THE 8TH
Hartford Darth Whalers batting - Pitching for Santa Clarita Music : RHP John Wright
Pinch Hitting: LHB Alejandro Gómez 0-0: Called Strike
0-1: Ball
1-1: Ball
2-1: Ground out 5-3 (Groundball, 56)
Batting: LHB Doyle Price 0-0: Ball
1-0: Ball
2-0: Foul Ball, location: 2F
2-1: Called Strike
2-2: Ball
3-2: Base on Balls
Pitching: RHP Álex Amaya
Batting: RHB Luis Manuel Miranda 0-0: Ball
1-0: Fielders Choice at 2nd, 4-6 (Groundball, 4M)
Batting: RHB Lou Hammond 0-0: Foul Ball, location: 2F
0-1: Foul Ball, location: 2F
0-2: Ball
Wild Pitch!
Luis Manuel Miranda to second
1-2: Ball
2-2: Ball
3-2: Ground out 4-3 (Groundball, 4MD)
Top of the 8th over - 0 run(s), 0 hit(s), 0 error(s), 1 left on base; Hartford 2 - Santa Clarita 10
BOTTOM OF THE 8TH
Santa Clarita Music batting - Pitching for Hartford Darth Whalers : RHP James Jones
Pitching: RHP Marcos Lozano
Now in CF: Jamie Walker
Batting: RHB Luis Suárez 0-0: Foul Ball, location: 2F
0-1: Swinging Strike
0-2: Ball
1-2: Ball
2-2: Ball
3-2: Fly out, F2 (Popup, 23)
Batting: RHB Greg Grant 0-0: Ball
1-0: Fly out, F4 (Popup, 4S)
Batting: RHB Rickey Núñez 0-0: Ball
1-0: Called Strike
1-1: Ball
2-1: SINGLE (Groundball, 4MD) (infield hit)
Batting: LHB Francisco Blanco 0-0: Ball
1-0: Called Strike
1-1: Swinging Strike
1-2: Strikes out swinging
Bottom of the 8th over - 0 run(s), 1 hit(s), 0 error(s), 1 left on base; Hartford 2 - Santa Clarita 10
TOP OF THE 9TH
Hartford Darth Whalers batting - Pitching for Santa Clarita Music : RHP Álex Amaya
Now in RF: Ramiro Medrano
Batting: RHB Ryan Williams 0-0: Called Strike
0-1: Ball
1-1: Ground out 5-3 (Groundball, 56)
Batting: RHB Brad Ravenshaw 0-0: Ball
1-0: Ball
2-0: Fly out, F8 (Flyball, 8RD)
Batting: RHB Ryan Thrippleton 0-0: Fly out, F9 (Flyball, 89M)
Top of the 9th over - 0 run(s), 0 hit(s), 0 error(s), 0 left on base; Hartford 2 - Santa Clarita 10
Tuesday, August 8th, 2017 - OOTP Baseball 17.12 Build 75